 Dungeon Crawl Stone Soup version 0.31-a0-1009-g454b1f1e0a (webtiles) character file.

Game seed: 3440439399294403282

382 night the Shooter (level 6, -4/37 HPs)
             Began as a Tengu Hunter on Nov 13, 2023.
             Was an Initiate of Gozag.
             Slain by a killer bee (8 damage)
             ... on level 4 of the Dungeon.
             The game lasted 00:05:04 (2590 turns).

night the Shooter (Tengu Hunter)                    Turns: 2590, Time: 00:05:05

Health: -4/37      AC:  6    Str: 12    XL:     6   Next: 76%
Magic:  7/7        EV: 12    Int:  9    God:    Gozag
Gold:   340        SH:  0    Dex: 19    Spells: 5/5 levels left

rFire   . . .        a - +0 shortbow (flame)
rCold   . . .        (shield currently unavailable)
rNeg    . . .        p - +0 ring mail
rPois   .            (helmet restricted)
rElec   .            (no cloak)
rCorr   .            o - +0 pair of gloves
SInv    .            (boots unavailable)
Will    .....        (no amulet)
Stlth   ++           (no ring)
HPRegen 0.26/turn    (no ring)
MPRegen 0.10/turn

%: acrobat
@: no status effects
A: beak, talons 3, acrobatic
a: Renounce Religion, Potion Petition, Call Merchant, Bribe Branch


You were on level 4 of the Dungeon.
You worshipped Gozag.
Gozag was aware of your devotion.
You visited 1 branch of the dungeon, and saw 4 of its levels.

You collected 373 gold pieces.
You spent 33 gold pieces at shops.

Inventory:

Hand Weapons
 a - a +0 shortbow of flaming (weapon)
Missiles
 d - 7 stones
 g - 2 boomerangs
 n - 2 poisoned darts
Armour
 c - a +0 leather armour
 o - a +0 pair of gloves (worn)
 p - a +0 ring mail (worn)
Scrolls
 b - a scroll of butterflies
 f - a scroll of brand weapon
 k - a scroll of revelation
 l - 3 scrolls of teleportation
 m - a scroll of immolation
Potions
 e - a potion of heal wounds {unknown}
 h - 3 potions of curing
 i - a potion of attraction {unknown}
 j - a potion of degeneration {unknown}
 q - 2 potions of brilliance {unknown}


   Skills:
 + Level 3.6 Fighting
 * Level 6.4 Ranged Weapons
 + Level 3.9 Dodging
 + Level 2.9 Stealth


You had 5 spell levels left.
You didn't know any spells.
Your spell library was empty.

Dungeon Overview and Level Annotations

Branches:
Dungeon (4/15)
 Temple: D:4-7

Altars:
Gozag
The Shining One

Shops:
D:2 !


Innate Abilities, Weirdness & Mutations

You have a beak for a mouth.
You have claws for feet.
You can magically evade attacks while moving or waiting.


Message History

You feel better.
The killer bee is no longer distracted by gold.
The killer bee misses you. The killer bee stings you.
You are poisoned.
The killer bee poisons you!
You shoot an arrow. The arrow hits the killer bee.
The arrow burns the killer bee.
You kill the killer bee!
You feel very sick.
You start resting.
You feel sick. x6
A killer bee comes into view.
Fire: a) +0 shortbow (flame)
Press: ? - help, Q - select action, (/) - cycle Shift-Dir - straight line, f - killer bee
Aim: a killer bee (wandering, hasn't noticed you, 40% to hit)
You shoot an arrow.
The arrow closely misses the killer bee.
You feel sick.
You are no longer poisoned.
Fire: a) +0 shortbow (flame)
Press: ? - help, Q - select action, (/) - cycle Shift-Dir - straight line, f/p - killer bee
Aim: a killer bee (40% to hit)
You shoot an arrow. The arrow misses the killer bee.
Fire: a) +0 shortbow (flame)
Press: ? - help, Q - select action, (/) - cycle Shift-Dir - straight line, f/p - killer bee
Aim: a killer bee (40% to hit)
You shoot an arrow. The arrow hits the killer bee.
The arrow burns the killer bee.
The killer bee is moderately wounded.
The killer bee stings you but does no damage.
Fire: a) +0 shortbow (flame)
Press: ? - help, Q - select action, (/) - cycle Shift-Dir - straight line, f/p - killer bee
Aim: a killer bee (moderately wounded, 40% to hit)
You shoot an arrow. The arrow hits the killer bee.
The arrow burns the killer bee.
The killer bee is moderately wounded.
The killer bee stings you.
* * * LOW HITPOINT WARNING * * *
The killer bee stings you!
You die...
Your body crumbles into a pile of gold.

.#_............. #..
.................### #..
##.J.......[..#.#...####..
.........#...#.#.#.......
#............#...........
.y......#...............
#.#######.#.............
#.#######.#.............
#..$$@y...#...>.........
#.#####........).......#
#.. ###########.###### #..
#.# ... #.# ##.. #.# #..
#.# #.. ##


You could see a killer bee.

Vanquished Creatures
  A bullfrog (D:4)
  A scorpion (D:4)
  2 killer bees (D:4)
  An orc priest (D:3)
  An orc wizard (D:3)
  3 gnolls (D:2)
  2 adders (D:2)
  4 dart slugs
  5 orcs (D:3)
  5 ball pythons
  5 bats
  7 endoplasms
  2 giant cockroaches
  6 goblins
  2 hobgoblins
  6 kobolds
  6 quokkas
  3 frilled lizards
  4 rats
66 creatures vanquished.

Notes
Turn   | Place    | Note
-------+----------+-------------------------------------------
     0 | D:1      | night the Tengu Hunter began the quest for the Orb.
     0 | D:1      | Reached XP level 1. HP: 12/12 MP: 2/2
    66 | D:1      | Reached XP level 2. HP: 8/17 MP: 3/3
   265 | D:1      | Reached XP level 3. HP: 22/22 MP: 4/4
   524 | D:1      | Reached skill level 5 in Ranged Weapons
   591 | D:1      | Found a faded altar of an unknown god.
   613 | D:1      | Prayed at the altar of an unknown god.
   613 | D:1      | Became a worshipper of Gozag Ym Sagoz the Greedy
   898 | D:2      | Found a transporter.
   898 | D:2      | Found Zaridiq's Distillery.
  1100 | D:2      | Reached XP level 4. HP: 13/27 MP: 5/5
  1287 | D:2      | Found a transporter.
  1495 | D:2      | Bought a potion of curing for 33 gold pieces
  1803 | D:3      | HP: 4/27 [orc wizard/magic dart (6)]
  1806 | D:3      | Reached skill level 2 in Stealth
  1806 | D:3      | Reached XP level 5. HP: 14/32 MP: 6/6
  2489 | D:4      | Reached skill level 6 in Ranged Weapons
  2489 | D:4      | Reached XP level 6. HP: 24/37 MP: 7/7
  2547 | D:4      | Found a glowing golden altar of the Shining One.
  2590 | D:4      | HP: 4/37 [killer bee (5)]
  2590 | D:4      | Slain by a killer bee

Illustrated notes

Levels and vault maps discovered:
D:1:      lightli_arrival_boilingwater, layout_basic,
          shapermc_ecumenical_altar_ellora
D:2:      layout_rooms, serial_shops, nicolae_shop_drivethru,
          grunt_decor_one_mirror
D:3:      layout_basic
D:4:      layout_basic, overflow_temple_1_default,
          nicolae_overflow_hidden_temple, minmay_temple_entry_glassed_door

Skill      XL: |  1  2  3  4  5 |
---------------+----------------+-----
Ranged Weapons | 5 6 |  6.4
Dodging        | 3 |  3.9
Fighting       | 3 |  3.6
Stealth        | 2 |  2.9

Action                     |  1- 3 |  4- 6 || total
---------------------------+-------+-------++-------
   Fire: Shortbow          |   118 |    92 ||   210
    Use: Scroll            |       |     8 ||     8
         Potion            |       |     2 ||     2
 Armour: Leather armour    |    29 |    10 ||    39
         Ring mail         |       |    14 ||    14
  Dodge: Dodged            |    34 |    33 ||    67

Table legend: (Time is in decaauts)
 A = Elapsed time spent in this place.
 B = Non-inter-level travel time spent in this place.
 C = Inter-level travel time spent in this place.
 D = Time resting spent in this place.
 E = Time spent auto-exploring this place.
 F = Levels seen in this place.
 G = Mean time per level.
                   A        B        C        D        E       F      G
               +--------+--------+--------+--------+--------+-----+--------+
         Total |   2633 |   2554 |     79 |     27 |   2049 |   4 |  658.2 |
       Dungeon |   2633 |   2554 |     79 |     27 |   2049 |   4 |  658.2 |
               +--------+--------+--------+--------+--------+-----+--------+

Top non-repeatable levels by time:
     D:3: 943 daAuts
     D:1: 885 daAuts
     D:2: 675 daAuts
     D:4: 128 daAuts
